 Dungeon Crawl Stone Soup version 0.22-a0-21-g9421e3f (webtiles) character file.

34 tidbits the Grave Robber (level 3, 14/14 HPs)
             Began as a Felid Necromancer on Jan 2, 2018.
             Quit the game in the Ecumenical Temple.
             The game lasted 00:05:30 (856 turns).

tidbits the Grave Robber (Felid Necromancer)         Turns: 856, Time: 00:05:31

Health: 14/14      AC:  1    Str:  4    XL:     3   Next: 14%
Magic:  7/7        EV: 18    Int: 17    God:
Gold:   65         SH:  0    Dex: 16    Spells: 1/6 levels left
                                        Lives:  0   Deaths: 0

rFire    . . .     SeeInvis +     - Unarmed
rCold    . . .     Gourm    .   (shield unavailable)
rNeg     . . .     Faith    .   (armour unavailable)
rPois    .         Spirit   .   (helmet unavailable)
rElec    .         Reflect  .   (cloak unavailable)
rCorr    .         Harm     .   (gloves unavailable)
MR       .....                  (boots unavailable)
Stlth    +++.......             f - amulet of regeneration
HPRegen  0.44/turn              (no ring)
MPRegen  0.10/turn              (no ring)

@: quick
A: very small, no armour, no weapons or thrown items, stealth, claws 1, fangs 3,
see invisible, carnivore, speed 1, shaggy fur 1, slow metabolism 1, sharp paws
a: no special abilities


You were in the Ecumenical Temple.
You were not hungry.

You visited 2 branches of the dungeon, and saw 6 of its levels.

You collected 65 gold pieces.

Inventory:

Jewellery
 f - an amulet of regeneration (around neck)
   (You found it on level 2 of the Dungeon)
Scrolls
 d - 2 scrolls of remove curse {unknown}
 e - 2 scrolls of identify {unknown}
 i - a scroll of immolation {unknown}
 j - a scroll of random uselessness {unknown}
 k - a scroll of fear {unknown}
Potions
 c - 3 potions of curing {unknown}
 g - 3 potions of haste {unknown}
 h - a potion of berserk rage {unknown}
Books
 a - a book of Necromancy

   Spells                             Type                      Level
   a - Pain                           Necromancy                   1
   b - Animate Skeleton               Necromancy                   1
   c - Vampiric Draining              Necromancy                   3
   d - Regeneration                   Charms/Necromancy            3
   e - Animate Dead                   Necromancy                   4
   f - Borgnjor's Vile Clutch         Necromancy/Earth             5
Comestibles
 b - 2 rations


   Skills:
 - Level 2.6 Dodging
 + Level 2.6 Stealth
 + Level 2.8 Unarmed Combat
 - Level 2.0 Spellcasting
 - Level 4.0 Necromancy


You had one spell level left.
You knew the following spells:

 Your Spells              Type           Power        Failure   Level  Hunger
a - Pain                  Necr           ###.         3%          1    #......
d - Vampiric Draining     Necr           ###.......   11%         3    ###....
n - Animate Skeleton      Necr           N/A          3%          1    #......


Dungeon Overview and Level Annotations

Branches:
Dungeon (5/15)             Temple (1/1) D:5

Altars:
Ashenzari
Dithmenos
Fedhas
Gozag
Kikubaaqudgha
Makhleb
Nemelex Xobeh
Qazlal
Ru
Trog
Uskayaw
Wu Jian
Xom
Yredelemnul

Shops:
D:5 (

Portals:
Sewer: D:3

Annotations:
D:2 exclusion: jackal


Innate Abilities, Weirdness & Mutations

You cannot wear armour.
You are incapable of wielding weapons or throwing items.
Your paws allow you to move quietly. (Stealth)
You have sharp claws.
You have razor-sharp teeth.
You have supernaturally acute eyesight. (SInv)
You are carnivorous and can eat meat at any time.
You cover ground quickly.
You are covered in fur. (AC +1)
You have a slow metabolism.
Your sharp claws are effective at attacking unaware monsters.


Message History

The worm barely resists.
Casting: Pain
Confirm with . or Enter, or press ? or * to list all spells.
Aiming: Pain
Press: ? - help, Shift-Dir - straight line, f/p - worm
Aim: a worm (heavily wounded, chance to defeat MR: 80%)
The worm barely resists.
You scratch the worm.
The worm is almost dead.
You scratch the worm but do no damage.
The worm is almost dead.
The worm bites you!
Ouch! That really hurt!
* * * LOW HITPOINT WARNING * * *
Casting: Pain
Confirm with . or Enter, or press ? or * to list all spells.
Aiming: Pain
Press: ? - help, Shift-Dir - straight line, f/p - worm
Aim: a worm (severely wounded, chance to defeat MR: 80%)
The worm barely resists.
Casting: Pain
Confirm with . or Enter, or press ? or * to list all spells.
Aiming: Pain
Press: ? - help, Shift-Dir - straight line, f/p - worm
Aim: a worm (heavily wounded, chance to defeat MR: 80%)
The worm barely resists.
Casting: Pain
Confirm with . or Enter, or press ? or * to list all spells.
Aiming: Pain
Press: ? - help, Shift-Dir - straight line, f/p - worm
Aim: a worm (lightly wounded, chance to defeat MR: 80%)
You miscast Pain.
You are very lightly contaminated with residual magic.
Nothing appears to happen.
You hear the slow rusting of a distant drain.
You open the door.
Found a stone staircase leading down.
Found 13 stones.
There is an open door here.
There is a stone staircase leading down here.
Your magical contamination has completely faded away.
You climb downwards.
There is a stone staircase leading up here.
Found a ration.
Found 15 gold pieces.
You see here a ration.
b - 2 rations (gained 1)
Found 12 stones.
You see here 15 gold pieces.
You now have 65 gold pieces (gained 15).
You found a teleport trap!
You open the door.
There is an open door here.
Magic restored.
Found a stone staircase leading down.
There is a stone staircase leading down here.
You climb downwards.
Found a dagger, 4 gold pieces and a scroll labeled XUCKYA PIJA.
Found Bomieb's Antique Weapon Emporium.
Found a stone staircase leading down and a stone staircase leading up.
There is a stone staircase leading up here.
Found a staircase to the Ecumenical Temple.
A phantom comes into view.
Found a ring mail.
The phantom blinks!
The phantom blinks!
There is a staircase to the Ecumenical Temple here.
You climb downwards.
Welcome to the Ecumenical Temple!
There is a staircase back to the Dungeon here.
You open the door.
There is an open door here.
You open the door.
Found an ancient bone altar of Kikubaaqudgha.
There is an open door here.
You open the door.
Found a sparkling altar of Nemelex Xobeh.
Found an opulent altar of Gozag.
There is an open door here.
You open the door.
There is an open door here.
You open the door.
Found a burning altar of Makhleb.
Found a bloodstained altar of Trog.
You open the door.
Found three altars.
There is an open door here.
You open the door.
There is an open door here.
You open the door.
Found an ornate altar of the Wu Jian Council.
You open the door.
Found a shattered altar of Ashenzari.
Found a hide-covered altar of Uskayaw.
There is an open door here.
You open the door.
There is an open door here.
You open the door.
Found a shadowy altar of Dithmenos.
Found a basalt altar of Yredelemnul.
Are you sure you want to abandon this character and quit the game? (Confirm with "yes".)

...###.###...#........#
....#...#....'........#
.....#.#.....#....<...#
.............##.......#
.....#'#......##......#
....##.##......###....#
.####...####.....##...#
## #...# ##.....##+##
...#.._.. #..@.....#
_.##...## ##.......#
#.#...# #.......# #
##.## # #.......# .##
###.###......# ...
#.....##.....# _.P
.P._.........# ...
#.....##.....# .##
###.###......#


There were no monsters in sight!

Vanquished Creatures
  An adder (D:3)
  A dart slug (D:2)
  An orc (D:3)
  A ball python (D:1)
  2 goblins
  4 hobgoblins
  A quokka (D:2)
  A bat (D:3)
  A frilled lizard (D:2)
  6 kobolds
  2 rats (D:3)
21 creatures vanquished.

Notes
Turn   | Place    | Note
-------+----------+-------------------------------------------
     0 | D:1      | tidbits the Felid Necromancer began the quest for the Orb.
     0 | D:1      | Reached XP level 1. HP: 7/7 MP: 4/4
   100 | D:1      | Reached skill level 1 in Unarmed Combat
   139 | D:2      | Reached XP level 2. HP: 5/11 MP: 4/6
   142 | D:2      | Learned a level 1 spell: Animate Skeleton
   191 | D:2      | Reached skill level 2 in Unarmed Combat
   479 | D:3      | Found a blossoming altar of Fedhas.
   532 | D:3      | Reached XP level 3. HP: 14/14 MP: 4/7
   537 | D:3      | Learned a level 3 spell: Vampiric Draining
   566 | D:3      | Found a glowing drain.
   740 | D:5      | Entered Level 5 of the Dungeon
   740 | D:5      | Found Bomieb's Antique Weapon Emporium.
   741 | D:5      | Found a staircase to the Ecumenical Temple.
   742 | D:5      | Noticed a phantom
   749 | Temple   | Entered the Ecumenical Temple
   856 | Temple   | Quit the game

Vault maps used:
D:1:      scummos_arrival_simple_fountains, minivault_27
D:3:      lemuel_crystal_altar, lemuel_crystal_altar,
          cheibrodos_sewer_entry_bend, minmay_crystal_water
D:4:      first_ration, lemuel_statue_altar, uniq_eustachio
D:5:      minmay_temple_entry_large_hall, serial_shops, shop,
          uniq_prince_ribbit1
Temple:   regret_index_temple_generic_petals

Skill      XL: |  1  2 |
---------------+-------+-----
Unarmed Combat | 1 2 |  2.8
Dodging        | |  2.6
Stealth        | |  2.6
Spellcasting   | |  2.0
Necromancy     | |  4.0

Action                   || total
-------------------------++-------
Melee: Unarmed           ||    16
       Bite              ||     1
 Cast: Pain              ||    30
 Stab: Sleeping          ||     9
Armor: Skin              ||     3
Dodge: Dodged            ||    12

Table legend:
 A = Spawn XP
 B = Non-spawn XP
 C = Spawn XP percentage of total XP
 D = Spawn monster count
 E = Non-spawn monster count
 F = Spawn count percentage of total count
 G = Total turns spent on level
                    A         B        C        D         E        F      G
               +---------+---------+-------+---------+---------+-------+---------
         Total |       0 |      49 |   0.0 |       0 |      21 |   0.0 |   856
               +---------+---------+-------+---------+---------+-------+---------
           D:1 |       0 |       9 |   0.0 |       0 |       5 |   0.0 |   128
           D:2 |       0 |      18 |   0.0 |       0 |       9 |   0.0 |   331
           D:3 |       0 |      22 |   0.0 |       0 |       7 |   0.0 |   189
               +---------+---------+-------+---------+---------+-------+---------

Table legend:
 A = Turns spent in this place as a percentage of turns spent in the entire game.
 B = Non-inter-level travel turns spent in this place as a percentage of non-inter-level travel turns spent in the entire game.
 C = Inter-level travel turns spent in this place as a percentage of turns spent in this place.
 D = Turns resting spent in this place as a percentage of non-inter-level travel turns spent in this place.
 E = Turns spent auto-exploring this place as a percentage of non-inter-level travel turns spent in this place.
 F = Non-inter-level travel turns spent in this place divided by the number of levels of this place that you've seen.
                   A       B       C       D       E      F
               +-------+-------+-------+-------+-------+----------------------
         Total | 100.0 | 100.0 |   0.0 |   0.0 |   0.0 | 142.7
       Dungeon |  87.5 |  87.5 |   0.0 |   0.0 |   0.0 | 149.8
        Temple |  12.5 |  12.5 |   0.0 |   0.0 |   0.0 | 107.0
               +-------+-------+-------+-------+-------+----------------------

Table legend:
 A = Kills in this place as a percentage of kills in entire the game.
 B = Kills by you in this place as a percentage of kills by you in the entire game.
 C = Kills by friends in this place as a percentage of kills by friends in the entire game.
 D = Other kills in this place as a percentage of other kills in the entire game.
 E = Experience gained in this place as a percentage of experience gained in the entire game.
 F = Experience gained in this place divided by the number of levels of this place that you have seen.
                   A       B       C       D       E      F
               +-------+-------+-------+-------+-------+----------------------
         Total | 100.0 | 100.0 |   N/A |   N/A | 100.0 |   8.2
       Dungeon | 100.0 | 100.0 |   N/A |   N/A | 100.0 |   9.8
               +-------+-------+-------+-------+-------+----------------------

Vault maps used:
D:1:      scummos_arrival_simple_fountains, minivault_27
D:3:      lemuel_crystal_altar, lemuel_crystal_altar,
          cheibrodos_sewer_entry_bend, minmay_crystal_water
D:4:      first_ration, lemuel_statue_altar, uniq_eustachio
D:5:      minmay_temple_entry_large_hall, serial_shops, shop,
          uniq_prince_ribbit1
Temple:   regret_index_temple_generic_petals
